 Dungeon Crawl Stone Soup version 0.27-a0-1136-g0b992a5a9d (webtiles) character file.

Game seed: 4974917468798215500

36 sanka the Skirmisher (level 3, -2/31 HPs)
             Began as a Djinni Wanderer on May 5, 2021.
             Was a Follower of Yredelemnul.
             Slain by a worm (5 damage)
             ... on level 2 of the Dungeon.
             The game lasted 00:01:41 (1554 turns).

sanka the Skirmisher (Djinni Wanderer)              Turns: 1554, Time: 00:01:41

Health: -2/31      AC:  2    Str: 12    XL:     3   Next: 37%
Gold:   39         EV: 12    Int: 12    God:    Yredelemnul [*.....] SH:  0 Dex: 13

rFire    + + .     SeeInvis .   a - +0 dagger
rCold    x . .     Faith    .   (no shield)
rNeg     + . .     Spirit   .   d - +0 robe
rPois    ∞         Reflect  .   (no helmet)
rElec    .         Harm     .   (no cloak)
rCorr    .         Rampage  .   (no gloves)
Will     .....                  (boots unavailable)
Stlth    ++........             (no amulet)
HPRegen  0.10/turn              (no ring)
MPRegen  0.00/turn              i - ring of positive energy

@: flying
A: sickness immunity, fire resistance 2, cold vulnerability 1, float, innate
caster, hp casting, extra vitality 1
a: Renounce Religion, Animate Remains


You were on level 2 of the Dungeon.
You worshipped Yredelemnul.
Yredelemnul was aware of your devotion.
You visited 1 branch of the dungeon, and saw 2 of its levels.

You collected 39 gold pieces.


Innate Abilities, Weirdness & Mutations

You are immune to sickness and miasma.
You are immune to poison.
Your flesh is very heat resistant. (rF++)
You are vulnerable to cold. (rC-)
You float through the air rather than walking.
You learn spells naturally, not from books.
Your magical power is your life essence.
You have superior vitality. (+4 HP)


   Skills:
 + Level 4.5 Fighting
 - Level 1.0 Long Blades
 + Level 2.5 Dodging
 - Level 1.5 Stealth
 - Level 1.0 Shields
 - Level 1.0 Evocations


You had one spell level left.
You knew the following spells:

 Your Spells              Type           Power      Damage    Failure   Level
z - Summon Small Mammal   Summ           0%         N/A       32%         1
Your spell library was empty.

Inventory:

Hand Weapons
 a - a +0 dagger (weapon)
Armour
 d - a +0 robe (worn)
Jewellery
 i - a ring of positive energy (right hand)
Scrolls
 b - a scroll of teleportation {@r4}
 j - 2 scrolls of identify {unknown}
Potions
 c - 2 potions of lignification {!q}
 f - a potion of haste {unknown}
 g - a potion of might {unknown}
 h - a potion of degeneration {unknown}
Miscellaneous
 e - a box of beasts (inert) (quivered)

Dungeon Overview and Level Annotations

Branches:
Dungeon (2/15)

Altars:
Yredelemnul

▒. ▒▒.▒▒▒▒▒▒▒▒▒▒
▒.......£...▒
▒...........▒
▒▒▒...........▒
..............▒
▒▒▒▒....w......▒
........R..^....
▒▒▒▒▒▒....£.......
.........!........
.▒▒▒▒▒▒▒▒............
......................
.........▒.▒▒.▒.▒▒▒▒▒.
▒(▒.▒....▒....▒.▒
▒▒▒.▒.▒.▒▒.▒▒▒▒▒▒..
.▒▒.▒.▒.▒.....▒ .▒▒


You could see a worm.


Message History

You hit the worm.
The worm is lightly wounded.
You hit the worm.
The worm is moderately wounded.
The worm barely misses you.
You hit the worm.
The worm is moderately wounded.
The worm bites you!
You barely miss the worm.
The worm is lightly wounded.
You hit the worm but do no damage.
The worm is lightly wounded.
The worm bites you!
* * * LOW HITPOINT WARNING * * *
You hit the worm but do no damage.
The worm is lightly wounded.
You barely miss the worm.
The worm is lightly wounded.
The worm bites you!
* * * LOW HITPOINT WARNING * * *
You hit the worm.
The worm is lightly wounded.
The worm misses you.
You hit the worm.
The worm is lightly wounded.
You hit the worm but do no damage.
The worm is lightly wounded.
The worm bites you.
You die...
Your body rises from the dead as a mindless zombie.

Action                   || total
-------------------------++-------
Melee: Dagger            ||   157
Evoke: Box of beasts     ||     1
 Stab: Sleeping          ||     1
Armor: Robe              ||    30
Dodge: Dodged            ||   104

Levels and vault maps discovered:
D:1:      minmay_arrival_arboretum_small, layout_rooms,
          chequers_ecumenical_altar_simple
D:2:      layout_basic

Notes
Turn   | Place    | Note
-------+----------+-------------------------------------------
     0 | D:1      | sanka the Djinni Wanderer began the quest for the Orb.
     0 | D:1      | Reached XP level 1. HP: 21/21 MP: 0/0
   251 | D:1      | Reached XP level 2. HP: 8/26 MP: 0/0
   489 | D:1      | Found a faded altar of an unknown god.
   504 | D:1      | Became a worshipper of Yredelemnul the Dark
   504 | D:1      | Reached * piety under Yredelemnul
   722 | D:1      | Reached skill level 2 in Dodging
  1155 | D:2      | Reached XP level 3. HP: 13/31 MP: 0/0
  1155 | D:2      | Learned a level 1 spell: Summon Small Mammal
  1551 | D:2      | HP: 3/31 [worm (10)]
  1554 | D:2      | Slain by a worm

Vanquished Creatures
  An adder (D:2)
  A dart slug (D:2)
  A ball python (D:1)
  3 endoplasms (D:1)
  A giant cockroach (D:1)
  A goblin (D:1)
  3 hobgoblins (D:1)
  5 jackals
  2 kobolds
  A rat (D:1)
19 creatures vanquished.

Vanquished Creatures (collateral kills)
  2 jackals (D:1)
2 creatures vanquished.

Grand Total: 21 creatures vanquished
